 Dungeon Sprint DCSS version 0.27-a0-1579-g97d2440184 (webtiles) character file.

Game seed: 15336307642215477745

515668 mhtbhm the End of an Era (level 19, 207/207 HPs)
             Began as a Minotaur Fighter on July 17, 2021.
             Was the Champion of Qazlal.
             Escaped with the Orb!
             The game lasted 00:21:33 (3957 turns).

mhtbhm the End of an Era (Minotaur Fighter)         Turns: 3957, Time: 00:21:33

Health: 207/207    AC: 51    Str: 39    XL:     19   Next: 91%
Magic:  35/35      EV: 15    Int: 11    God:    Qazlal [******]
Gold:   1213       SH: 51    Dex: 13    Spells: 18/18 levels left

rFire    + + +     SeeInvis .   a - +9 lance "Wyrmbane" {slay drac, rPois rF+ rC+ AC+3}
rCold    + . .     Faith    .   c - +18 shield of the Gong {rElec rN+ Will+ EV-5}
rNeg     + . .     Spirit   .   b - +15 Maxwell's patent armour {-Cast -Tele rElec Will+ rCorr}
rPois    +         Reflect  +   (helmet restricted)
rElec    +         Harm     +   H - +0 cloak of Death's Door {Harm Int+2}
rCorr    +         Rampage  ∞   w - +2 pair of gloves {archery}
Will     ++++.     NoTele   +   R - +3 pair of seven-league boots {Rampage+∞} Stlth +.........NoCast +
                                u - amulet of reflection
HPRegen  0.44/turn              G - ring "Doas" {rF++ Str+6 Slay+5}
MPRegen  0.24/turn              K - ring of Ypulefeg {Will+ Str+4 Int+4 Dex+3}

@: studying 5 skills, repel missiles
A: horns 2, retaliatory headbutt
0: Orb of Zot
a: Renounce Religion, Upheaval, Elemental Force, Disaster Area


You escaped.
You worshipped Qazlal.
Qazlal was exalted by your worship.
You visited 1 branch You collected 1213 gold pieces.

Inventory:

Hand Weapons
 a - the +9 lance "Wyrmbane" (weapon) {slay drac, rPois rF+ rC+ AC+3}
   (You found it in the Dungeon)

   It inflicts extra damage against dragons and draconians.
   AC:        It affects your AC (+3).
   rF:        It protects you from fire.
   rC:        It protects you from cold.
   rPois:     It protects you from poison.
 n - the +10 morningstar "Eos" {elec, Halo rElec}
   (You found it in the Dungeon)

   It occasionally discharges a powerful burst of electricity upon striking a
   foe.
   It grants its wielder a halo, increasing accuracy against those within it.
   rElec:     It insulates you from electricity.
 E - the +10 zealot's sword {holy, *Rage rN+ EV+3}
   (You found it in the Dungeon)

   It has been blessed by the Shining One to cause great damage to the undead
   and demons.
   Whenever the wielder enters a berserk rage, their allies are berserked
   alongside them.
   EV:        It affects your evasion (+3).
   rN:        It protects you from negative energy.
   *Rage:     It may make you go berserk in combat.
 P - the +8 mithril axe "Arga" {speed, Will+}
   (You found it in the Dungeon)

   Attacks with this weapon are significantly faster.
   Will:      It increases your willpower.
 Q - the +8 war axe of Makhleb's Delight {vamp, +Rage rElec rC+}
   (You found it in the Dungeon)

   It occasionally heals its wielder for a portion of the damage dealt when it
   wounds a living foe.
   rC:        It protects you from cold.
   rElec:     It insulates you from electricity.
   +Rage:     It lets you go berserk.
Armour
 b - the +15 Maxwell's patent armour (worn) {-Cast -Tele rElec Will+ rCorr}
   (You found it in the Dungeon)

   rElec:     It insulates you from electricity.
   -Cast:     It prevents spellcasting.
   -Tele:     It prevents most forms of teleportation.
   rCorr:     It protects you from acid and corrosion.
   Will:      It increases your willpower.
 c - the +18 shield of the Gong (worn) {rElec rN+ Will+ EV-5}
   (You found it in the Dungeon)

   It is deafeningly noisy when blocking attacks.
   EV:        It affects your evasion (-5).
   rElec:     It insulates you from electricity.
   rN:        It protects you from negative energy.
   Will:      It increases your willpower.
 w - a +2 pair of gloves of archery (worn)
 H - the +0 cloak of Death's Door (worn) {Harm Int+2}
   (You found it in the Dungeon)

   Int:       It affects your intelligence (+2).
   Harm:      It increases damage dealt and taken.
 I - a scarf of resistance
 R - the +3 pair of seven-league boots (worn) {Rampage+∞}
   (You found it in the Dungeon)

   Its wearer moves as far as possible in that direction when moving towards
   enemies.
Jewellery
 u - an amulet of reflection (around neck)
 y - the ring of Xiymeuh {EV+4 Dex+6}
   (You found it in the Dungeon)

   [ring of evasion]

   EV:        It affects your evasion (+4).
   Dex:       It affects your dexterity (+6).
 z - the ring "Taxanu" {rF+ rN+}
   (You found it in the Dungeon)

   [ring of protection from fire]

   rF:        It protects you from fire.
   rN:        It protects you from negative energy.
 G - the ring "Doas" (left hand) {rF++ Str+6 Slay+5}
   (You found it in the Dungeon)

   [ring of strength]

   Str:       It affects your strength (+6).
   Slay:      It affects your accuracy & damage with ranged weapons and melee
   (+5).
   rF:        It greatly protects you from fire.
 K - the ring of Ypulefeg (right hand) {Will+ Str+4 Int+4 Dex+3}
   (You found it in the Dungeon)

   [ring of willpower]

   Str:       It affects your strength (+4).
   Int:       It affects your intelligence (+4).
   Dex:       It affects your dexterity (+3).
   Will:      It increases your willpower.
 L - the amulet of Vitality {Regen+ HP+15}
   (You found it in the Dungeon)

   [amulet of regeneration]

   HP:        It affects your health (+15).
   Regen:     It increases your rate of health regeneration.
 N - the ring of Rusosunu {+Blink rF+ rN+}
   (You found it in the Dungeon)

   [ring of positive energy]

   rF:        It protects you from fire.
   rN:        It protects you from negative energy.
   +Blink:    It lets you blink.
 X - the necklace of Bloodlust {*Rage +Rage Will++ Int-3 Slay+6}
   (You found it in the Dungeon)

   [amulet of nothing]

   It extends the wearer's berserk rage when killing foes.
   Int:       It affects your intelligence (-3).
   Slay:      It affects your accuracy & damage with ranged weapons and melee
   (+6).
   +Rage:     It lets you go berserk.
   *Rage:     It may make you go berserk in combat.
   Will:      It greatly increases your willpower.
Wands
 A - a wand of mindburst (7)
 B - a wand of iceblast (4)
 C - a wand of acid (7)
Scrolls
 j - 4 scrolls of blinking
 o - 4 scrolls of amnesia
 p - 7 scrolls of fog
 q - 2 scrolls of holy word
 r - 5 scrolls of identify
 s - 2 scrolls of fear
 t - 12 scrolls of enchant weapon
 D - 8 scrolls of brand weapon
 T - 4 scrolls of enchant armour
Potions
 d - 7 potions of might
 e - 10 potions of curing
 f - 17 potions of heal wounds
 g - 12 potions of haste
 h - 6 potions of magic
 i - 2 potions of berserk rage
 k - 2 potions of brilliance
 l - 2 potions of invisibility
 m - 3 potions of resistance
Miscellaneous
 v - a phantom mirror
 x - a phial of floods
 F - a lightning rod (4/4)
 J - a tin of tremorstones (2/2)
 M - a box of beasts
 O - a condenser vane


   Skills:
 O Level 27 Fighting
 * Level 20.8 Long Blades
 + Level 5.2(19.2) Axes
 O Level 27 Polearms
 O Level 27 Armour
 * Level 25.3 Dodging
 + Level 15.1 Stealth
 O Level 27 Shields
 O Level 27 Invocations
 + Level 14.3 Evocations


You had 18 spell levels left.
You didn't know any spells.
Your spell library contained the following spells:

 Spells                   Type           Power      Damage    Failure   Level
 Animate Skeleton         Necr           0%         N/A       61%         1
 Beastly Appendage        Tmut           0%         N/A       61%         1
 Foxfire                  Conj/Fire      0%         2x1d4     61%         1
 Freeze                   Ice            0%         1d3       61%         1
 Magic Dart               Conj           0%         1d3       61%         1
 Pain                     Necr           0%         1d4       61%         1
 Sandblast                Erth           0%         2d4       61%         1
 Shock                    Conj/Air       0%         1d3       61%         1
 Sting                    Tmut/Pois      0%         1d3       61%         1
 Blink                    Tloc           N/A        N/A       75%         2
 Call Imp                 Summ           0%         N/A       75%         2
 Ensorcelled Hibernation  Hex/Ice        0%         N/A       75%         2
 Passwall                 Tmut/Erth      0%         N/A       75%         2
 Poisonous Vapours        Pois/Air       0%         N/A       75%         2
 Searing Ray              Conj           0%         3d3       75%         2
 Slow                     Hex            0%         N/A       75%         2
 Static Discharge         Conj/Air       0%         N/A       75%         2
 Wereblood                Tmut           0%         N/A       75%         2
 Confusing Touch          Hex            0%         N/A       93%         3
 Conjure Flame            Conj/Fire      0%         6-21      93%         3
 Dazzling Flash           Conj/Hex       0%         N/A       93%         3
 Frozen Ramparts          Ice            0%         1d2       93%         3
 Gell's Gravitas          Tloc           0%         N/A       93%         3
 Inner Flame              Hex/Fire       0%         N/A       93%         3
 Lesser Beckoning         Tloc           0%         N/A       93%         3
 Mephitic Cloud           Conj/Pois/Air  0%         N/A       93%         3
 Ozocubu's Armour         Ice            0%         N/A       93%         3
 Portal Projectile        Hex/Tloc       0%         N/A       93%         3
 Spider Form              Tmut/Pois      0%         N/A       93%         3
 Summon Guardian Golem    Hex/Summ       0%         N/A       93%         3
 Swiftness                Air            0%         N/A       93%         3
 Teleport Other           Tloc           0%         N/A       93%         3
 Tukima's Dance           Hex            0%         N/A       93%         3
 Vampiric Draining        Necr           0%         2d6       93%         3
 Airstrike                Air            0%         N/A       100%        4
 Animate Armour           Summ/Erth      0%         N/A       100%        4
 Animate Dead             Necr           0%         N/A       100%        4
 Cause Fear               Hex            0%         N/A       100%        4
 Dispel Undead            Necr           0%         3d6       100%        4
 Fulminant Prism          Conj/Hex       0%         3d6       100%        4
 Hailstorm                Conj/Ice       0%         3d3       100%        4
 Ice Form                 Ice/Tmut       0%         N/A       100%        4
 Iskenderun's Mystic Bla  Conj/Tloc      0%         2d3       100%        4
 Leda's Liquefaction      Hex/Erth       0%         N/A       100%        4
 Olgreb's Toxic Radiance  Pois           0%         N/A       100%        4
 Petrify                  Tmut/Erth      0%         N/A       100%        4
 Sticky Flame             Conj/Fire      0%         2d3       100%        4
 Summon Ice Beast         Ice/Summ       0%         N/A       100%        4
 Alistair's Intoxication  Tmut/Pois      0%         N/A       100%        5
 Blade Hands              Tmut           0%         N/A       100%        5
 Borgnjor's Vile Clutch   Necr/Erth      0%         N/A       100%        5
 Fireball                 Conj/Fire      0%         3d3       100%        5
 Freezing Cloud           Conj/Ice/Air   0%         6-21      100%        5
 Irradiate                Conj/Tmut      0%         3d13      100%        5
 Iskenderun's Battlesphe  Conj           0%         2d6       100%        5
 Lee's Rapid Deconstruct  Erth           0%         3d5*      100%        5
 Manifold Assault         Tloc           0%         N/A       100%        5
 Metabolic Englaciation   Hex/Ice        0%         N/A       100%        5
 Silence                  Hex/Air        0%         N/A       100%        5
 Summon Forest            Summ/Tloc      0%         N/A       100%        5
 Summon Mana Viper        Hex/Summ       0%         N/A       100%        5
 Yara's Violent Unravell  Hex/Tmut       0%         3d3       100%        5
 Conjure Ball Lightning   Conj/Air       0%         3x3d6     100%        6
 Death Channel            Necr           0%         N/A       100%        6
 Eringya's Noxious Bog    Tmut/Pois      0%         N/A       100%        6
 Invisibility             Hex            0%         N/A       100%        6
 Iron Shot                Conj/Erth      0%         9d1       100%        6
 Simulacrum               Ice/Necr       0%         N/A       100%        6
 Starburst                Conj/Fire      0%         8x6d3     100%        6
 Statue Form              Tmut/Erth      0%         N/A       100%        6
 Dragon Form              Tmut           0%         N/A       100%        7
 Haunt                    Necr/Summ      0%         N/A       100%        7
 Malign Gateway           Summ/Tloc      0%         N/A       100%        7
 Monstrous Menagerie      Summ           0%         N/A       100%        7
 Orb of Destruction       Conj           0%         N/A       100%        7
 Ozocubu's Refrigeration  Ice            0%         4d5       100%        7
 Spellforged Servitor     Conj/Summ      0%         N/A       100%        7
 Storm Form               Tmut/Air       0%         N/A       100%        7
 Discord                  Hex            0%         N/A       100%        8
 Disjunction              Tloc           0%         N/A       100%        8
 Ignition                 Fire           0%         3d3       100%        8
 Lehudib's Crystal Spear  Conj/Erth      0%         10d2      100%        8
 Summon Horrible Things   Summ           0%         N/A       100%        8
 Chain Lightning          Conj/Air       0%         N/A       100%        9
 Dragon's Call            Summ           0%         N/A       100%        9
 Fire Storm               Conj/Fire      0%         5d1       100%        9
 Polar Vortex             Ice            0%         N/A       100%        9


Dungeon Overview and Level Annotations

Branches:
Dungeon (1/1)

Altars:
Ashenzari
Cheibriados
Dithmenos
Elyvilon
Fedhas
Gozag
Hepliaklqana
Kikubaaqudgha
Makhleb
Nemelex Xobeh
Okawaru
Qazlal
Ru
Sif Muna
Trog
Uskayaw
Vehumet
Wu Jian
Xom
Yredelemnul
Zin
The Shining One
Beogh
Jiyva
Lugonu


Innate Abilities, Weirdness & Mutations

You have a pair of horns on your head.
You reflexively headbutt those who attack you in melee.


Message History

You pick up the Orb of Zot!
The Orb lets out a hideous shriek!
The lords of Pandemonium are not amused.
Beware!
Now all you have to do is get back out of the dungeon!
There is a staircase leading out of the dungeon here.
You start waiting.
Done waiting.
Unknown command.
You start waiting.
You start waiting.
You start waiting.
You start waiting.
An Orb Guardian comes into view.
Unknown command.
You barely miss the Orb Guardian. You impale the Orb Guardian!!
The Orb Guardian is moderately wounded.
You puncture the Orb Guardian!
The Orb Guardian is heavily wounded.
You block the Orb Guardian's attack.
GONNNNG!
You hit the Orb Guardian but do no damage.
You headbutt the Orb Guardian.
The Orb Guardian is heavily wounded.
The Orb Guardian hits you but does no damage.
You puncture the Orb Guardian! You headbutt the Orb Guardian!!
You kill the Orb Guardian!
Qazlal accepts your kill.
Your Stealth skill increases to level 15!
No target in view!
No target in view!
No target in view!
No target in view!
No target in view!
No target in view!
No target in view!
No target in view!
No target in view!
No target in view!
There is a staircase leading out of the dungeon here.
You have escaped!

...)........▓.............▓...8©8
............▓..▓.......▓..▓..||..
............▓..≈.≈........▓....})
............▓.......≈..≈≈.▓...)..
....†.......▓......©......▓.=)..)
............▓▓▓▓▓▓▓▓▓▓▓▓▓▓▓...).)
▓.......▓...▓8888888888888▓....))
▓▓.....▓▓▓..▓8.°§°.°.....8▓......
▓...≈...▓...▓8..@..○..©..8▓.▓....
..≈.≈.......▓8..°........8▓....©.
≈...©.......▓8888888888888▓▓▓▓▓▓▓
▓▓▓▓▓▓▓▓▓▓▓▓▓▓▓▓▓▓▓▓▓▓▓▓▓▓▓▓▓▓▓▓▓
..}|.8©8........▓........8©8.....
.|...[..))).))|.▓.}.}|.))).†).}}.
.....).:....=[}.▓.[}|†)})[†..}:}}
....)........)).▓.|))[}).|....[}"
}.........).....▓...†..†.....}...


There were no monsters in sight!

Vanquished Creatures
  2 shard shrikes (D)
  A bone dragon (D)
  18 pandemonium lords (D)
  An Ice Fiend (D)
  A Hell Sentinel (D)
  An Orb Guardian (D)
  A lich (D)
  2 quicksilver dragons (D)
  A shadow dragon (D)
  An azure jelly (D)
  A balrug (D)
  5 ghost moths (D)
  9 orc warlords (D)
  3 emperor scorpions (D)
  A warmonger (D)
  6 reapers (D)
  2 ophanim (D)
  A quicksilver ooze (D)
  An apis (D)
  9 stone giants (D)
  A spark wasp (D)
  4 dire elephants (D)
  4 entropy weavers (D)
  A blizzard demon (D)
  5 crystal guardians (D)
  A yaktaur captain (D)
  6 hydras (D)
  9 vault guards (D)
  2 spriggan air magi (D)
  2 ice dragons (D)
  2 great orbs of eyes (D)
  3 boulder beetles (D)
  2 centaur warriors (D)
  2 catoblepae (D)
  2 two-headed ogres (D)
  A death yak (D)
  2 hell hogs (D)
  9 orc high priests (D)
  A soul eater (D)
  4 spriggan berserkers (D)
  A hell knight (D)
  6 iron golems (D)
  3 sixfirhies (D)
  3 skeletal warriors (D)
  A spriggan druid (D)
  An infernal demonspawn (D)
  16 orc knights (D)
  5 orb spiders (D)
  11 wolf spiders (D)
  11 orc sorcerers (D)
  A shining eye (D)
  10 moths of wrath (D)
  4 elephants (D)
  3 rust devils (D)
  4 black mambas (D)
  2 torpor snails (D)
  4 gargoyles (D)
  8 cane toads (D)
  A smoke demon (D)
  3 hellions (D)
  6 rime drakes (D)
  A demonic crawler (D)
  4 tormentors (D)
  5 yaktaurs (D)
  6 ice devils (D)
  5 komodo dragons (D)
  A polar bear (D)
  A troll (D)
  10 jumping spiders (D)
  9 hornets (D)
  7 blink frogs (D)
  9 slime creatures (D)
  5 flying skulls (D)
  10 redbacks (D)
  2 shadows (D)
  4 spriggans (D)
  5 tarantellas (D)
  6 basilisks (D)
  4 wraiths (D)
  11 yaks (D)
  A fire bat (D)
  3 wyverns (D)
  2 golden eyes (D)
  A neqoxec (D)
  6 wargs (D)
  18 water moccasins (D)
  5 hell hounds (D)
  A black bear (D)
  An ice beast (D)
  26 orc warriors (D)
  10 ogres (D)
  A necrophage (D)
  2 wolves (D)
  A centaur (D)
  A phantom (D)
  5 scorpions (D)
  4 bullfrogs (D)
  5 earth elementals (D)
  4 wights (D)
  A crimson imp (D)
  6 jellies (D)
  A quasit (D)
  2 orc priests (D)
  4 iron imps (D)
  5 orc wizards (D)
  2 mummies (D)
  4 adders (D)
  2 shadow imps (D)
  8 white imps (D)
  6 adder zombies (D)
  An adder skeleton (D)
  5 bat skeletons (D)
  A bat zombie (D)
  A jackal (D)
  7 ball python skeletons (D)
  6 ball python zombies (D)
  4 giant cockroach zombies (D)
  A jackal skeleton (D)
  2 jackal zombies (D)
  4 quokka skeletons (D)
  5 quokka zombies (D)
514 creatures vanquished.

Vanquished Creatures (collateral kills)
  A daeva (D)
  A cherub (D)
  A cane toad (D)
  A water moccasin (D)
  A bullfrog (D)
  An iguana (D)
  A river rat (D)
7 creatures vanquished.

Grand Total: 521 creatures vanquished

Notes
Turn   | Place    | Note
-------+----------+-------------------------------------------
     0 | D        | mhtbhm the Minotaur Fighter began the quest for the Orb.
     0 | D        | Reached XP level 1. HP: 19/19 MP: 0/0
     0 | D        | Found a shimmering blue altar of Sif Muna.
     0 | D        | Found a bloodstained altar of Trog.
     0 | D        | Found a sacrificial altar of Ru.
     0 | D        | Found a stormy altar of Qazlal.
     0 | D        | Found an iron altar of Okawaru.
     1 | D        | Found a sparkling altar of Nemelex Xobeh.
     1 | D        | Found a blossoming altar of Fedhas.
     2 | D        | Found the +6 Majin-Bo {vamp, MP+6 Int+6}
     2 | D        | Found the +9 heavy crossbow "Sniper" {vorpal, Acc+∞ SInv}
     2 | D        | Found the +10 dark maul {vorpal}
     2 | D        | Found the +15 Maxwell's patent armour {-Cast -Tele rElec
                  | Will+ rCorr}
     2 | D        | Found the +18 shield of the Gong {rElec rN+ Will+ EV-5}
     2 | D        | Found the +14 obsidian axe {vorpal, Drain Fly SInv}
     2 | D        | Found the +7 great mace "Firestarter" {inner flame, rF++}
     2 | D        | Found the +6 shillelagh "Devastator" {shatter}
     2 | D        | Found the +11 plutonium sword {Contam Stlth-}
     2 | D        | Found the +8 lance "Wyrmbane" {slay drac, rPois rF+ rC+
                  | AC+3}
     2 | D        | Found the +9 sword of Zonguldrok {reap}
     2 | D        | Found the +13 scythe of Curses {drain, Drain}
     2 | D        | Found the +5 sword of Power {vorpal}
     2 | D        | Found the +7 mace of Variability {chain chaos}
     2 | D        | Found the +7 Singing Sword {vorpal, sonic wave}
     2 | D        | Found the +8 storm bow {elec, penet}
     3 | D        | Found a transporter.
     3 | D        | Found an ancient bone altar of Kikubaaqudgha.
     3 | D        | Found a viscous altar of Jiyva.
     3 | D        | Found a corrupted altar of Lugonu.
     3 | D        | Found a hazy altar of Hepliaklqana.
     3 | D        | Found a burning altar of Makhleb.
     3 | D        | Found an opulent altar of Gozag.
    33 | D        | Became a worshipper of Qazlal Stormbringer
    75 | D        | Entered arena 2.
    75 | D        | Noticed a bullfrog
    75 | D        | Noticed a yak
    75 | D        | Found a transporter.
    79 | D        | Killed a bullfrog
    80 | D        | Reached XP level 2. HP: 30/30 MP: 1/1
    80 | D        | Reached XP level 3. HP: 37/37 MP: 2/2
    85 | D        | Killed a yak
    86 | D        | Reached skill level 1 in Polearms
    86 | D        | Reached XP level 4. HP: 48/48 MP: 3/3
    86 | D        | Reached XP level 5. HP: 53/53 MP: 4/4
   131 | D        | Entered arena 3.
   131 | D        | Noticed a slime creature
   131 | D        | Noticed a slime creature
   131 | D        | Found a transporter.
   136 | D        | Reached * piety under Qazlal
   137 | D        | Reached skill level 1 in Invocations
   138 | D        | Killed a slime creature
   139 | D        | Reached XP level 6. HP: 51/64 MP: 4/7
   143 | D        | Killed a slime creature
   144 | D        | Reached skill level 10 in Fighting
   144 | D        | Reached skill level 5 in Axes
   144 | D        | Reached skill level 10 in Armour
   144 | D        | Reached skill level 10 in Shields
   144 | D        | Reached XP level 7. HP: 58/72 MP: 4/9
   152 | D        | Entered arena 4.
   152 | D        | Found a transporter.
   154 | D        | Reached ** piety under Qazlal
   155 | D        | Reached *** piety under Qazlal
   161 | D        | Got the Handbook of Bewitchment
   163 | D        | Got the Handbook of Virous Beguiling
   207 | D        | Entered arena 5.
   207 | D        | Found a transporter.
   232 | D        | Entered arena 6.
   232 | D        | Found a transporter.
   233 | D        | Identified the +7 hunting sling "Vaji" {flame, rPois rN+++
                  | Int-2}
   233 | D        | Reached **** piety under Qazlal
   238 | D        | Reached skill level 5 in Invocations
   242 | D        | Reached ***** piety under Qazlal
   243 | D        | Reached skill level 5 in Polearms
   243 | D        | Reached XP level 8. HP: 81/81 MP: 9/11
   257 | D        | Entered arena 7.
   258 | D        | Found a transporter.
   267 | D        | Reached skill level 1 in Evocations
   520 | D        | Entered arena 8.
   520 | D        | Noticed a cane toad
   523 | D        | Found a transporter.
   528 | D        | Killed a cane toad
   529 | D        | Reached XP level 9. HP: 89/89 MP: 6/13
   532 | D        | Reached ****** piety under Qazlal
   630 | D        | Entered arena 9.
   630 | D        | Noticed a wolf spider
   632 | D        | Found a transporter.
   644 | D        | Killed a wolf spider
   672 | D        | Entered arena 10.
   672 | D        | Noticed a yaktaur
   672 | D        | Noticed a centaur warrior
   672 | D        | Noticed a yaktaur
   672 | D        | Noticed a centaur warrior
   672 | D        | Noticed a yaktaur
   672 | D        | Noticed a yaktaur captain
   672 | D        | Noticed a yaktaur
   673 | D        | Found the +4 robe of Augmentation {Str+4 Int+4 Dex+4}
   673 | D        | Found a transporter.
   676 | D        | Killed a yaktaur
   677 | D        | Reached skill level 10 in Polearms
   677 | D        | Reached skill level 15 in Shields
   680 | D        | Killed a yaktaur captain
   681 | D        | Reached XP level 10. HP: 90/97 MP: 15/15
   682 | D        | Killed a centaur warrior
   686 | D        | Killed a centaur warrior
   687 | D        | Reached skill level 10 in Invocations
   746 | D        | Entered arena 11.
   747 | D        | Found the +10 zealot's sword {holy, *Rage rN+ EV+3}
   747 | D        | Found a transporter.
   808 | D        | Entered arena 12.
   808 | D        | Noticed an orb spider
   808 | D        | Noticed a wolf spider
   808 | D        | Noticed an entropy weaver
   808 | D        | Noticed a wolf spider
   809 | D        | Noticed an emperor scorpion
   810 | D        | Found the +0 staff of Battle
   810 | D        | Found a transporter.
   813 | D        | Killed a wolf spider
   814 | D        | Reached XP level 11. HP: 105/105 MP: 18/18
   815 | D        | Killed a wolf spider
   821 | D        | Killed an entropy weaver
   848 | D        | Killed an emperor scorpion
   849 | D        | Reached skill level 1 in Dodging
   861 | D        | Killed an orb spider
   895 | D        | Entered arena 13.
   895 | D        | Noticed a vault guard
   895 | D        | Noticed a vault guard
   895 | D        | Noticed a vault guard
   895 | D        | Noticed a vault guard
   895 | D        | Noticed a vault guard
   895 | D        | Noticed a shadow dragon
   895 | D        | Noticed a vault guard
   896 | D        | Identified the +11 mace "Cel Wus" {vorpal, rN+ Will+}
   896 | D        | Identified the ring "Seost" {Will- Int+5 Dex+7 SInv}
   896 | D        | Noticed a vault guard
   896 | D        | Noticed a vault guard
   896 | D        | Noticed a vault guard
   897 | D        | Killed a vault guard
   898 | D        | Killed a vault guard
   898 | D        | Killed a vault guard
   898 | D        | Killed a vault guard
   898 | D        | Killed a vault guard
   898 | D        | Killed a vault guard
   898 | D        | Killed a vault guard
   899 | D        | Reached XP level 12. HP: 116/116 MP: 5/21
   902 | D        | Found a transporter.
   907 | D        | Killed a shadow dragon
   913 | D        | Killed a vault guard
   915 | D        | Killed a vault guard
  1000 | D        | Entered arena 14.
  1000 | D        | Noticed an ophan
  1000 | D        | Noticed an ophan
  1000 | D        | Noticed an apis
  1001 | D        | Identified the amulet of Vusoriont {Contam rN+ Regen+ Str+2
                  | Stlth+}
  1001 | D        | Noticed a daeva
  1003 | D        | Found a transporter.
  1005 | D        | Killed an ophan
  1011 | D        | Killed an ophan
  1012 | D        | Reached skill level 15 in Invocations
  1016 | D        | Killed an apis
  1017 | D        | Reached skill level 1 in Stealth
  1019 | D        | Killed a daeva
  1192 | D        | Entered arena 15.
  1193 | D        | Noticed a reaper
  1193 | D        | Identified the +2 robe "Dechevysm" {rPois MP+9 Str+7 Dex-2}
  1195 | D        | Killed a reaper
  1317 | D        | Found a transporter.
  1356 | D        | Entered arena 16.
  1356 | D        | Noticed a reaper
  1357 | D        | Identified the ring "Cuisuy" {rPois rF+ rN+ Dex-5}
  1357 | D        | Noticed a lich
  1360 | D        | Reached XP level 13. HP: 125/125 MP: 16/24
  1384 | D        | Killed a lich
  1399 | D        | Killed a reaper
  1400 | D        | Found a transporter.
  1415 | D        | Got the amulet "Voinumua" {Reflect rElec rPois Will- Int+8
                  | SH+5}
  1425 | D        | Got Lehudib's Tome of Dusty Conjuration
  1427 | D        | Got Hyj Catast's Incunabulum of the Scorching Glacier
  1458 | D        | Entered arena 17.
  1461 | D        | Identified the +7 rapier of Dried Tears {drain, Will+
                  | Dex+3}
  1463 | D        | Reached skill level 5 in Stealth
  1468 | D        | Found a transporter.
  1488 | D        | Got the +0 cloak of Death's Door {Harm Int+2}
  1523 | D        | Acquired 1213 gold pieces
  1528 | D        | Entered arena 18.
  1534 | D        | Found a transporter.
  1559 | D        | Got the Almanac of the Unemployed Unperson
  1561 | D        | Got the ring of Jeosk {rPois Slay+2 Stlth+}
  1587 | D        | Entered arena 19.
  1589 | D        | Noticed a quicksilver ooze
  1591 | D        | Killed a quicksilver ooze
  1591 | D        | Noticed an azure jelly
  1593 | D        | Killed an azure jelly
  1594 | D        | Reached skill level 15 in Fighting
  1595 | D        | Found a transporter.
  1602 | D        | Got the ring "Yneti" {rPois rC+ SInv}
  1616 | D        | Got the Disquisition on Igneous Transformation
  1618 | D        | Got the ring of Ypulefeg {Will+ Str+4 Int+4 Dex+3}
  1622 | D        | Got the amulet of Lyisatat {Spirit SInv}
  1661 | D        | Entered arena 20.
  1664 | D        | Noticed a quicksilver dragon
  1664 | D        | Noticed a quicksilver dragon
  1665 | D        | Noticed a crystal guardian
  1665 | D        | Noticed a stone giant
  1666 | D        | Noticed a crystal guardian
  1666 | D        | Noticed a crystal guardian
  1666 | D        | Noticed a crystal guardian
  1667 | D        | Killed a quicksilver dragon
  1667 | D        | Noticed a crystal guardian
  1668 | D        | Reached XP level 14. HP: 63/135 MP: 19/27
  1668 | D        | Killed a stone giant
  1669 | D        | Killed a quicksilver dragon
  1672 | D        | Found the +5 scythe "Finisher" {speed, eviscerate}
  1672 | D        | Found a transporter.
  1896 | D        | Entered arena 21.
  1899 | D        | Noticed a stone giant
  1900 | D        | Noticed a stone giant
  1900 | D        | Noticed a stone giant
  1900 | D        | Noticed a stone giant
  1901 | D        | Identified the +6 quarterstaff "Dauss" {chaos, rPois rF-
                  | rC+ rN+}
  1901 | D        | Noticed a stone giant
  1901 | D        | Identified the +7 whip "Yruilot" {vorpal, Int+4}
  1902 | D        | Killed a stone giant
  1902 | D        | Killed a stone giant
  1902 | D        | Killed a stone giant
  1902 | D        | Killed a stone giant
  1902 | D        | Killed a stone giant
  1903 | D        | Reached skill level 15 in Armour
  1910 | D        | Found a transporter.
  1986 | D        | Entered arena 22.
  1990 | D        | Noticed a reaper
  1990 | D        | Noticed a reaper
  1992 | D        | Killed a reaper
  1992 | D        | Killed a reaper
  1993 | D        | Reached XP level 15. HP: 140/141 MP: 22/31
  1994 | D        | Found a transporter.
  2003 | D        | Reached skill level 15 in Polearms
  2038 | D        | Got the Collected Works on Bewitchment
  2065 | D        | Got Sif Muna's Incunabulum of Nocuous Flight
  2102 | D        | Entered arena 23.
  2108 | D        | Noticed Riurphou the pandemonium lord
  2109 | D        | Noticed Guomn the pandemonium lord
  2109 | D        | Noticed Rodahul the pandemonium lord
  2109 | D        | Noticed Woclom the pandemonium lord
  2109 | D        | Noticed Veunoaf the pandemonium lord
  2109 | D        | Noticed Joaqir the pandemonium lord
  2110 | D        | Noticed Naecw the pandemonium lord
  2110 | D        | Noticed Etudaoli the pandemonium lord
  2110 | D        | Noticed Cebbueg the pandemonium lord
  2110 | D        | Noticed Ciaxazy the pandemonium lord
  2110 | D        | Noticed Udaore the pandemonium lord
  2110 | D        | Noticed Qagridi the pandemonium lord
  2111 | D        | Killed Veunoaf the pandemonium lord
  2112 | D        | Noticed a tentacled monstrosity
  2112 | D        | Noticed a tentacled monstrosity
  2112 | D        | Noticed a tentacled monstrosity
  2112 | D        | Noticed a tentacled monstrosity
  2112 | D        | Noticed a tentacled monstrosity
  2112 | D        | Noticed a tentacled monstrosity
  2112 | D        | Noticed Nothrubou the pandemonium lord
  2112 | D        | Killed Udaore the pandemonium lord
  2112 | D        | Killed Peetalej the pandemonium lord
  2112 | D        | Killed Cebbueg the pandemonium lord
  2112 | D        | Killed Woclom the pandemonium lord
  2112 | D        | Killed Joaqir the pandemonium lord
  2112 | D        | Killed Etudaoli the pandemonium lord
  2112 | D        | Noticed Emnaun the pandemonium lord
  2113 | D        | Reached skill level 27 in Shields
  2113 | D        | Reached skill level 27 in Invocations
  2113 | D        | Reached XP level 16. HP: 117/152 MP: 10/32
  2113 | D        | Killed Rodahul the pandemonium lord
  2113 | D        | Killed Riurphou the pandemonium lord
  2114 | D        | Noticed a tentacled monstrosity
  2114 | D        | Noticed a tentacled monstrosity
  2114 | D        | Noticed a tentacled monstrosity
  2114 | D        | Noticed a tentacled monstrosity
  2115 | D        | Noticed Aclia the pandemonium lord
  2116 | D        | Noticed a Hell Sentinel
  2117 | D        | Noticed Mirr the pandemonium lord
  2117 | D        | Killed Emnaun the pandemonium lord
  2117 | D        | Killed Naecw the pandemonium lord
  2117 | D        | Killed Guomn the pandemonium lord
  2118 | D        | Reached skill level 5 in Dodging
  2118 | D        | Reached skill level 10 in Evocations
  2118 | D        | Killed Nothrubou the pandemonium lord
  2118 | D        | Killed a Hell Sentinel
  2119 | D        | Reached XP level 17. HP: 67/171 MP: 16/33
  2119 | D        | Killed Ciaxazy the pandemonium lord
  2122 | D        | Identified the +7 trident of Calculation {protect, +Blink
                  | rN+}
  2123 | D        | Found the amulet of Vitality {Regen+ HP+15}
  2123 | D        | Noticed Wuledad the pandemonium lord
  2132 | D        | Killed Mirr the pandemonium lord
  2133 | D        | Killed Aclia the pandemonium lord
  2140 | D        | Killed Wuledad the pandemonium lord
  2142 | D        | Found a transporter.
  2150 | D        | Killed Qagridi the pandemonium lord
  2217 | D        | Got the ring of Rusosunu {+Blink rF+ rN+}
  2385 | D        | Entered arena 24.
  2391 | D        | Identified the +3 battleaxe of the Spectre {freeze, rC+
                  | Int+2}
  2392 | D        | Identified the ring "Dunnauli" {rC- rCorr Str+4 SInv}
  2393 | D        | Identified the +7 shortbow of Valour {vorpal, Drain rElec
                  | rF+ Int+4}
  2394 | D        | Reached skill level 27 in Armour
  2394 | D        | Reached skill level 10 in Dodging
  2414 | D        | Found a transporter.
  2444 | D        | Got the +8 war axe of Makhleb's Delight {vamp, +Rage rElec
                  | rC+}
  2480 | D        | Got the Reference Book on Unholy Secrets and Blows and
                  | Bruises
  2485 | D        | Got the ring of Brilliance {rC+ Will+ rCorr Int+2 Dex-2}
  2540 | D        | Acquired a manual of Stealth
  2545 | D        | Entered arena 25.
  2546 | D        | Reached XP level 18. HP: 194/194 MP: 34/34
  2552 | D        | Identified the +7 quarterstaff of Governance {speed, rC++}
  2553 | D        | Identified the +9 quarterstaff "Lastig" {antimagic, *Rage
                  | rF+ Str+3}
  2553 | D        | Identified the ring "Vaola" {*Corrode rPois Will++}
  2553 | D        | Identified the amulet of Teatey {Spirit rC+ Slay+2}
  2553 | D        | Identified the +8 bardiche of Nyty Hio {vorpal, Int+4}
  2554 | D        | Identified the +4 great mace of the Middle {drain, Will+}
  2555 | D        | Identified the +7 morningstar of Hiwucec {distort, rPois
                  | rF+ Dex+5 Stlth-}
  2557 | D        | Reached XP level 19. HP: 192/205 MP: 27/35
  2587 | D        | Found the +8 mithril axe "Arga" {speed, Will+}
  2587 | D        | Found the +3 pair of seven-league boots {Rampage+∞}
  2587 | D        | Found a transporter.
  2754 | D        | Entered arena 26.
  2761 | D        | Noticed a shard shrike
  2761 | D        | Noticed a shard shrike
  2762 | D        | Noticed a bone dragon
  2764 | D        | Found the +10 morningstar "Eos" {elec, Halo rElec}
  2764 | D        | Found the necklace of Bloodlust {*Rage +Rage Will++ Int-3
                  | Slay+6}
  2765 | D        | Killed a shard shrike
  2767 | D        | Killed a shard shrike
  2767 | D        | Killed a bone dragon
  2768 | D        | Reached skill level 27 in Fighting
  2854 | D        | Found the +4 dagger "Morg" {pain, Will+ Int+5}
  2854 | D        | Found a transporter.
  2869 | D        | Got the ring of Jeud Ent {Ice rN+ Int+3 Dex+4}
  2968 | D        | Entered arena 27.
  3334 | D        | Found a transporter.
  3336 | D        | Reached skill level 15 in Long Blades
  3336 | D        | Reached skill level 27 in Polearms
  3368 | D        | Got Sif Muna's Collected Works on the Snowflakes
  3382 | D        | Got the Handbook of the Doomed Mountains
  3399 | D        | Got the ring "Doas" {rF++ Str+6 Slay+5}
  3410 | D        | Got the Guide on Attacks and Intoxication
  3420 | D        | Got the amulet "Quanest" {Faith Will+ Dex+3 Slay-6}
  3424 | D        | Got the amulet of Awe {Spirit Slay+3}
  3516 | D        | Entered arena 28.
  3531 | D        | Found a transporter.
  3555 | D        | Got the ring of Xiymeuh {EV+4 Dex+6}
  3559 | D        | Got the ring "Taxanu" {rF+ rN+}
  3573 | D        | Got the ring of Baruojito {Fly rC++ Will+ Dex-5 Slay+3}
  3591 | D        | Got the ring of the Leaf {rPois rF+ rC+ Str-5 Slay+2}
  3598 | D        | Got the Compendium of Transmutation and Displacement
  3736 | D        | Got the Orb of Zot
  3955 | D        | Reached skill level 15 in Stealth
  3957 | D        | Escaped with the Orb!

Illustrated notes

Levels and vault maps discovered:
D:        sprint_v [room_start, room_1, room_2, room_3, room_4, room_5, room_6,
          room_7, room_8, room_9, room_10, room_11, room_12, room_13, room_14,
          room_15, room_16, room_17, room_18, room_19, room_20, room_21,
          room_22, room_23, room_24, room_25, room_26, room_27]

Skill      XL: |  1  2  3  4  5  6  7  8  9 10 11 12 13 14 15 16 17 18 19 |
---------------+----------------------------------------------------------+-----
Fighting       | 6 8 9 10 11 12 13 14 15 16 20 25 26 27 | 27.0
Axes           | 3 4 5 |  5.2
Armour         | 6 8 9 10 11 12 13 14 15 19 25 27 | 27.0
Shields        | 6 8 9 10 11 13 15 18 21 22 23 24 27 | 27.0
Polearms       | 1 2 3 5 8 10 12 13 14 19 22 25 26 27 | 27.0
Invocations    | 3 4 5 7 9 10 13 16 21 26 27 | 27.0
Evocations     | 1 2 3 4 8 11 12 13 14 | 14.3
Dodging        | 1 2 6 12 18 25 | 25.3
Stealth        | 3 7 15 | 15.1
Long Blades    | 20 | 20.8

Action                   |  1- 3 |  4- 6 |  7- 9 | 10-12 | 13-15 | 16-18 | 19-21 || total
-------------------------+-------+-------+-------+-------+-------+-------+-------++-------
Melee: Lance             |     9 |    11 |    70 |    93 |    61 |    48 |    39 ||   331
       Headbutt          |     3 |     6 |    17 |    21 |     3 |    21 |    10 ||    81
Invok: Elemental Force   |       |       |     1 |     1 |       |       |       ||     2
       Disaster Area     |       |       |       |    10 |    11 |     5 |     5 ||    31
Evoke: Wand              |       |       |     3 |       |       |       |       ||     3
       Phial of floods   |       |       |     1 |       |       |       |       ||     1
       Tin of tremorston |       |       |       |       |     2 |       |       ||     2
       Condenser vane    |       |       |       |       |       |     1 |     1 ||     2
  Use: Potion            |     1 |       |       |       |       |     5 |     3 ||     9
       Scroll            |       |       |       |       |     1 |     1 |       ||     2
 Stab: Paralysed         |       |       |       |     4 |       |       |       ||     4
       Petrified         |       |       |       |       |       |       |     5 ||     5
       Petrifying        |       |       |       |       |       |       |     1 ||     1
Armor: Plate armour      |       |     1 |    26 |    24 |    21 |     7 |     5 ||    84
Dodge: Dodged            |       |       |     2 |     4 |     2 |     2 |     2 ||    12
       Repelled          |       |       |       |       |       |       |     1 ||     1
Block: Kite shield       |    10 |    12 |   139 |   130 |    51 |    58 |    32 ||   432
       Reflection        |       |       |    11 |     3 |     3 |     3 |     1 ||    21

Table legend: (Time is in decaauts)
 A = Elapsed time spent in this place.
 B = Non-inter-level travel time spent in this place.
 C = Inter-level travel time spent in this place.
 D = Time resting spent in this place.
 E = Time spent auto-exploring this place.
 F = Levels seen in this place.
 G = Mean time per level.
                   A        B        C        D        E       F      G
               +--------+--------+--------+--------+--------+-----+--------+
         Total |   3790 |   3790 |      0 |   1609 |    180 |   1 | 3790.0 |
       Dungeon |   3790 |   3790 |      0 |   1609 |    180 |   1 | 3790.0 |
               +--------+--------+--------+--------+--------+-----+--------+

Top non-repeatable levels by time:
       D: 3790 daAuts
